 Dungeon Crawl Stone Soup version 0.31-a0-7-g51783674b7 (webtiles) character file.

Game seed: 15757339685658849466

2277 porpoise the Magician (level 9, 0/62 (68) HPs)
             Began as a Gnoll Wanderer on May 6, 2023.
             Was a Follower of Okawaru.
             Slain by a wight
             ... wielding a +0 falchion of freezing
              (3 damage)
             ... on level 7 of the Dungeon.
             The game lasted 00:29:04 (6703 turns).

porpoise the Magician (Gnoll Wanderer)              Turns: 6703, Time: 00:29:05

HP:   0/62 (68)     AC:  6    Str: 13    XL:     9   Next: 39%
MP:   19/19         EV: 12    Int: 15    God:    Okawaru [*.....]
Gold: 269           SH:  0    Dex: 11    Spells: 16/21 levels left

rFire   . . .        w - +0 morningstar (holy)
rCold   . . .        (no shield)
rNeg    + . .        f - +0 leather armour
rPois   .            v - +2 helmet
rElec   .            (no cloak)
rCorr   .            (no gloves)
SInv    .            (no boots)
Will    .....        r - amulet of regeneration
Stlth   ++           m - ring of positive energy
HPRegen 1.10/turn    (no ring)
MPRegen 0.16/turn

%: no passive effects
@: drained
A: fangs 1, strong nose, distributed training
a: Renounce Religion, Heroism


You were on level 7 of the Dungeon.
You worshipped Okawaru.
Okawaru was aware of your devotion.
You visited 2 branches of the dungeon, and saw 8 of its levels.

You collected 377 gold pieces.
You spent 108 gold pieces at shops.

Inventory:

Hand Weapons
 a - a +0 quarterstaff
 b - a +0 sling
 w - a +0 morningstar of holy wrath (weapon)
Missiles
 q - 6 boomerangs (quivered)
 y - 2 poisoned darts
 E - 2 javelins
 K - a throwing net
Armour
 f - a +0 leather armour (worn)
 o - a +0 kite shield
 v - a +2 helmet (worn)
Jewellery
 m - a ring of positive energy (left hand)
 r - an amulet of regeneration (around neck)
Wands
 p - a wand of flame (52)
Scrolls
 c - a scroll of fear
 d - a scroll of teleportation
 h - 2 scrolls of poison
 j - a scroll of fog
 s - a scroll of amnesia
 t - a scroll of enchant weapon {unknown}
 u - 2 scrolls of immolation
 x - a scroll of silence
 D - a scroll of acquirement {unknown}
 F - a scroll of magic mapping {unknown}
 G - a scroll of noise {unknown}
 H - a scroll of blinking {unknown}
 I - a scroll of enchant armour {unknown}
Potions
 e - 5 potions of curing
 g - 2 potions of cancellation
 i - 4 potions of heal wounds
 k - a potion of might
 l - 3 potions of lignification
 n - 2 potions of mutation {unknown}
 z - a potion of flight {unknown}
 A - a potion of invisibility {unknown}
 B - a potion of ambrosia {unknown}
 C - a potion of brilliance {unknown}
 J - 2 potions of haste


   Skills:
 + Level 5.1 Fighting
 + Level 4.3 Short Blades
 + Level 4.3 Long Blades
 + Level 4.3 Axes
 + Level 4.3 Maces & Flails
 + Level 4.3 Polearms
 + Level 6.4 Staves
 + Level 4.3 Ranged Weapons
 + Level 4.3 Throwing
 + Level 4.3 Armour
 + Level 4.3 Dodging
 + Level 4.3 Stealth
 + Level 4.3 Shields
 + Level 4.3 Unarmed Combat
 + Level 6.7 Spellcasting
 + Level 3.6 Conjurations
 + Level 3.6 Hexes
 + Level 3.6 Summonings
 + Level 3.6 Necromancy
 + Level 3.6 Translocations
 + Level 3.6 Transmutations
 + Level 3.6 Fire Magic
 + Level 3.6 Ice Magic
 + Level 6.6 Air Magic
 + Level 3.6 Earth Magic
 + Level 3.6 Poison Magic
 + Level 4.8 Invocations
 + Level 6.4 Evocations


You had 16 spell levels left.
You knew the following spells:

 Your Spells              Type           Power      Damage    Failure   Level
d - Static Discharge      Conj/Air       40%        2-4/arc   3%          2
f - Swiftness             Air            24%        N/A       3%          3

Your spell library contained the following spells:

 Spells                   Type           Power      Damage    Failure   Level
 Shock                    Conj/Air       80%        1d8       1%          1
 Kiss of Death            Conj/Necr      60%        2d10      3%          1
 Magic Dart               Conj           60%        1d6       3%          1
 Necrotise                Necr           60%        1d7       3%          1
 Mephitic Cloud           Conj/Pois/Air  18%        N/A       8%          3
 Confusing Touch          Hex            15%        N/A       12%         3
 Portal Projectile        Hex/Tloc       30%        N/A       12%         3
 Vampiric Draining        Necr           15%        2d7       12%         3
 Dispel Undead            Necr           15%        3d10      36%         4
 Leda's Liquefaction      Hex/Erth       7%         N/A       36%         4
 Agony                    Necr           15%        N/A       71%         5
 Orb of Destruction       Conj           7%         9d6       100%        7
 Call Imp                 Summ           Unusable   N/A       N/A         2
 Call Canine Familiar     Summ           Unusable   N/A       N/A         3
 Summon Guardian Golem    Hex/Summ       Unusable   N/A       N/A         3
 Spellforged Servitor     Conj/Summ      Unusable   N/A       N/A         7

Dungeon Overview and Level Annotations

Branches:
Dungeon (7/15)             Temple (1/1) D:6

Altars:
Ashenzari
Gozag
Okawaru
Ru
Sif Muna

Shops:
D:3 !

Annotations:
D:4 3 runed translucent doors, TheSexyCheese's ghost, amateur OgFE


Innate Abilities, Weirdness & Mutations

You have very sharp teeth.
Your uncanny sense of smell can sniff out nearby items.
Your experience applies equally to all skills.


Message History

You closely miss the wight.
The wight is moderately damaged.
The wight hits you from afar with a +0 halberd!
You barely miss the wight.
The wight is moderately damaged.
The wight barely misses you.
The wight throws a stone.
The stone hits you. The wight misses you. The wight barely misses you.
A wight comes into view. It is wielding a +0 scimitar.
You hit the wight.
The wight convulses.
You bite the wight, but do no damage.
The wight is heavily damaged.
The wight hits you with a +3 flail! The wight hits you but does no damage.
You puncture the wight!
You destroy the wight!
Okawaru accepts your kill. The wight misses you.
The wight hits you with a +0 halberd. You partially resist.
You feel drained.
You closely miss the wight.
The wight hits you with a +0 falchion of freezing!
You partially resist.
You feel drained. The wight freezes you. The wight misses you.
The wight closely misses you. x2
You hit the wight.
The wight convulses.
You punch the wight, but do no damage.
The wight is lightly damaged.
The wight hits you with a +0 falchion of freezing!
The wight freezes you. The wight hits you with a +0 halberd!
* * * LOW HITPOINT WARNING * * *
You hit the wight.
The wight convulses.
The wight is heavily damaged.
The wight barely misses you. x2; The wight hits you with a +0 scimitar.
* * * LOW HITPOINT WARNING * * *
You partially resist.
You feel drained.
* * * LOW HITPOINT WARNING * * *
You puncture the wight!
The wight convulses.
You destroy the wight!
Okawaru accepts your kill.
The wight hits you with a +0 falchion of freezing!
* * * LOW HITPOINT WARNING * * *
You partially resist.
You feel drained.
* * * LOW HITPOINT WARNING * * *
The wight freezes you.
You die...

........#...........###.......#
........#...........####.....##
.....................##..>....##
...............<.....#.........#
.##..##..#.................##..#
...## ...#................######
##. ......#.............#...## .
....##..?)z........#....#
#....z@)..#........##
......#?...#.[....[## .....
##.......##.##
.........##...##### ...
#.........# .. #..........# #
...........## ....####.... #...
###.##


You could see 2 wights.

Vanquished Creatures
  Pikel (D:5)
  A sky beast (D:6)
  2 black bears
  2 ogres (D:5)
  3 phantoms
  A lemure (D:5)
  Blork the orc (D:5)
  2 gnoll sergeants (D:6)
  3 wights (D:7)
  2 hounds
  A gnoll bouda (D:7)
  7 orc priests
  2 sleepcaps
  Ijyb (D:4)
  An iguana (D:5)
  2 orc wizards (D:6)
  Robin (D:2)
  16 gnolls
  14 adders
  A shadow imp (D:5)
  2 white imps
  2 ufetubi
  A worm (D:3)
  22 orcs
  9 ball pythons
  A bat (D:1)
  5 endoplasms
  2 giant cockroaches
  12 goblins
  7 hobgoblins
  3 jackals (D:4)
  4 quokkas
  3 frilled lizards
  3 kobolds
  3 rats
143 creatures vanquished.

Notes
Turn   | Place    | Note
-------+----------+-------------------------------------------
     0 | D:1      | porpoise the Gnoll Wanderer began the quest for the Orb.
     0 | D:1      | porpoise set off with the following items: a +0
                  | quarterstaff, a wand of flame (3), a scroll of fear, a +0
                  | robe; and the following spell memorised: Shock; and the
                  | following spells available to memorise: Swiftness, Static
                  | Discharge.
     0 | D:1      | Reached XP level 1. HP: 17/17 MP: 6/6
   436 | D:1      | Reached XP level 2. HP: 23/23 MP: 3/7
   587 | D:1      | Learned a level 2 spell: Static Discharge
   918 | D:2      | Reached skill level 5 in Spellcasting
   918 | D:2      | Reached XP level 3. HP: 11/28 MP: 7/9
  1067 | D:2      | Reached skill level 1 in Invocations
  1247 | D:2      | Noticed Robin
  1271 | D:2      | Reached skill level 1 in Short Blades
  1271 | D:2      | Reached skill level 1 in Long Blades
  1271 | D:2      | Reached skill level 1 in Axes
  1271 | D:2      | Reached skill level 1 in Maces & Flails
  1271 | D:2      | Reached skill level 1 in Polearms
  1271 | D:2      | Reached skill level 1 in Ranged Weapons
  1271 | D:2      | Reached skill level 1 in Throwing
  1271 | D:2      | Reached skill level 1 in Armour
  1271 | D:2      | Reached skill level 1 in Dodging
  1271 | D:2      | Reached skill level 1 in Stealth
  1271 | D:2      | Reached skill level 1 in Shields
  1271 | D:2      | Reached skill level 1 in Unarmed Combat
  1281 | D:2      | Killed Robin
  1282 | D:2      | Reached XP level 4. HP: 11/34 MP: 11/11
  1659 | D:3      | Reached skill level 1 in Conjurations
  1659 | D:3      | Reached skill level 1 in Hexes
  1659 | D:3      | Reached skill level 1 in Summonings
  1659 | D:3      | Reached skill level 1 in Necromancy
  1659 | D:3      | Reached skill level 1 in Translocations
  1659 | D:3      | Reached skill level 1 in Transmutations
  1659 | D:3      | Reached skill level 1 in Fire Magic
  1659 | D:3      | Reached skill level 1 in Ice Magic
  1659 | D:3      | Reached skill level 1 in Earth Magic
  1659 | D:3      | Reached skill level 1 in Poison Magic
  1889 | D:3      | Reached XP level 5. HP: 39/40 MP: 12/12
  1912 | D:3      | Learned a level 3 spell: Swiftness
  2030 | D:3      | Found Oloo's Distillery.
  2047 | D:3      | Bought a potion of might for 48 gold pieces
  2047 | D:3      | Bought a potion of heal wounds for 60 gold pieces
  2337 | D:4      | Noticed a phantom
  2598 | D:4      | Killed a phantom
  2599 | D:4      | Reached XP level 6. HP: 34/47 MP: 14/14
  2651 | D:4      | Found a runed translucent gate.
  2651 | D:4      | Found a runed translucent gate.
  2651 | D:4      | Found a runed translucent gate.
  2652 | D:4      | Noticed TheSexyCheese's ghost (amateur OgFE)
  2715 | D:4      | Noticed Ijyb
  2731 | D:4      | Killed Ijyb
  2732 | D:4      | Reached skill level 5 in Staves
  2732 | D:4      | Reached skill level 5 in Evocations
  2900 | D:4      | Noticed a black bear
  2915 | D:4      | Killed a black bear
  2955 | D:4      | Found a shimmering blue altar of Sif Muna.
  3315 | D:5      | Entered Level 5 of the Dungeon
  3339 | D:5      | Reached XP level 7. HP: 39/52 MP: 15/15
  3630 | D:5      | Noticed Pikel
  3672 | D:5      | Noticed Blork the orc
  3674 | D:5      | Killed Pikel
  3675 | D:5      | Reached XP level 8. HP: 16/60 MP: 15/17
  3676 | D:5      | HP: 2/90 [Blork the orc/+0 glaive (15)]
  3681 | D:5      | HP: 1/90 [Blork the orc/puff of flame (2)]
  3686 | D:5      | Killed Blork the orc
  4432 | D:6      | Found a staircase to the Ecumenical Temple.
  4439 | Temple   | Entered the Ecumenical Temple
  4485 | Temple   | Became a worshipper of Warmaster Okawaru
  5120 | D:6      | Reached XP level 9. HP: 46/66 MP: 18/18
  5172 | D:6      | Found an opulent altar of Gozag.
  5511 | D:7      | Reached * piety under Okawaru
  5827 | D:6      | Reached skill level 5 in Fighting
  6703 | D:7      | HP: 3/62 [wight/+0 falchion of freezing (1)]
  6703 | D:7      | Slain by a wight

Illustrated notes

Levels and vault maps discovered:
D:1:      lemuel_arrival_room, layout_rooms, minmay_tetromino_t2
D:2:      layout_rooms, hangedman_glass_teeth, uniq_robin
D:3:      layout_basic, serial_shops, shop, minmay_snake_closets
D:4:      layout_basic, tgw_sif, ebering_ghost_rock_garden, uniq_ijyb
D:5:      layout_basic, grunt_decor_cap, chequers_jeans, uniq_blork_the_orc,
          uniq_pikel
D:6:      layout_basic, grunt_gozag_breadcrumbs,
          minmay_temple_entry_sparse_star, st_stairs_13
D:7:      layout_cave_pools
Temple:   minmay_crystal_spiral_temple

Skill      XL: |  1  2  3  4  5  6  7  8  9 |
---------------+----------------------------+-----
Spellcasting   | 5 6 |  6.7
Invocations    | 1 2 3 4 |  4.8
Short Blades   | 1 2 3 4 |  4.3
Long Blades    | 1 2 3 4 |  4.3
Axes           | 1 2 3 4 |  4.3
Maces & Flails | 1 2 3 4 |  4.3
Polearms       | 1 2 3 4 |  4.3
Ranged Weapons | 1 2 3 4 |  4.3
Throwing       | 1 2 3 4 |  4.3
Armour         | 1 2 3 4 |  4.3
Dodging        | 1 2 3 4 |  4.3
Stealth        | 1 2 3 4 |  4.3
Shields        | 1 2 3 4 |  4.3
Unarmed Combat | 1 2 3 4 |  4.3
Conjurations   | 1 2 3 |  3.6
Hexes          | 1 2 3 |  3.6
Summonings     | 1 2 3 |  3.6
Necromancy     | 1 2 3 |  3.6
Translocations | 1 2 3 |  3.6
Transmutations | 1 2 3 |  3.6
Fire Magic     | 1 2 3 |  3.6
Ice Magic      | 1 2 3 |  3.6
Earth Magic    | 1 2 3 |  3.6
Poison Magic   | 1 2 3 |  3.6
Fighting       | 3 4 5 |  5.1
Staves         | 5 6 |  6.4
Evocations     | 5 6 |  6.4
Air Magic      | 6 |  6.6

Action                     |  1- 3 |  4- 6 |  7- 9 || total
---------------------------+-------+-------+-------++-------
  Melee: Quarterstaff      |    84 |   192 |   387 ||   663
         Bite              |     8 |    11 |    44 ||    63
         Whip              |       |       |    12 ||    12
         Morningstar       |       |       |    11 ||    11
         Punch             |       |       |     1 ||     1
   Fire: Sling             |     4 |       |    35 ||    39
  Throw: Dart              |       |     1 |     2 ||     3
         Boomerang         |       |       |    21 ||    21
   Cast: Shock             |     4 |       |       ||     4
  Evoke: Wand              |       |     4 |       ||     4
    Use: Scroll            |     1 |     9 |     2 ||    12
         Potion            |       |       |     4 ||     4
   Stab: Sleeping          |       |     2 |     2 ||     4
 Armour: Robe              |    11 |       |       ||    11
         Leather armour    |       |    69 |   124 ||   193
  Dodge: Dodged            |    53 |   112 |   193 ||   358

Table legend: (Time is in decaauts)
 A = Elapsed time spent in this place.
 B = Non-inter-level travel time spent in this place.
 C = Inter-level travel time spent in this place.
 D = Time resting spent in this place.
 E = Time spent auto-exploring this place.
 F = Levels seen in this place.
 G = Mean time per level.
                   A        B        C        D        E       F      G
               +--------+--------+--------+--------+--------+-----+--------+
         Total |   6743 |   6461 |    282 |   1539 |   3135 |   8 |  842.9 |
       Dungeon |   6683 |   6414 |    269 |   1527 |   3120 |   7 |  954.7 |
        Temple |     59 |     46 |     13 |     12 |     15 |   1 |   59.0 |
               +--------+--------+--------+--------+--------+-----+--------+

Top non-repeatable levels by time:
     D:6: 1662 daAuts
     D:5: 1165 daAuts
     D:3: 991 daAuts
     D:4: 905 daAuts
     D:2: 751 daAuts
     D:1: 685 daAuts
     D:7: 523 daAuts
  Temple: 59 daAuts
